 Dungeon Crawl Stone Soup version 0.31-a0-1025-g2e47921a08 (webtiles) character file.

Game seed: 5341363182389676410

63 kae the Vexing (level 3, 0/24 HPs)
             Began as a Demonspawn Enchanter on Nov 17, 2023.
             Succumbed to an adder's poison
             ... on level 3 of the Dungeon.
             The game lasted 00:00:59 (1785 turns).

kae the Vexing (Demonspawn Enchanter)               Turns: 1785, Time: 00:01:00

Health: 0/24       AC:  2    Str: 10    XL:     3   Next: 87%
Magic:  0/6        EV: 12    Int: 16    God:
Gold:   129        SH:  5    Dex: 13    Spells: 4/6 levels left

rFire   . . .        a - +1 dagger
rCold   . . .        (no shield)
rNeg    . . .        b - +0 robe
rPois   .            (no helmet)
rElec   .            (no cloak)
rCorr   .            (no gloves)
SInv    .            (no boots)
Will    .....        j - amulet of reflection
Stlth   ++           (no ring)
HPRegen 0.24/turn    (no ring)
MPRegen 0.10/turn

%: reflection
@: lethally poisoned (0 -> -3), about to teleport, very slightly contaminated
A: spiny 1
a: no special abilities


You were on level 3 of the Dungeon.
You visited 1 branch of the dungeon, and saw 3 of its levels.

You collected 129 gold pieces.


Innate Abilities, Weirdness & Mutations

You are partially covered in sharp spines.


   Skills:
 * Level 2.1 Short Blades
 - Level 1.7 Dodging
 + Level 3.1 Stealth
 + Level 2.4 Spellcasting
 + Level 3.3 Hexes
 + Level 0.8 Ice Magic


You had 4 spell levels left.
You knew the following spells:

 Your Spells              Type           Power      Damage    Failure   Level
a - Ensorcelled Hibernat  Hex/Ice        16%        N/A       13%         2

Your spell library contained the following spells:

 Spells                   Type           Power      Damage    Failure   Level
 Confusing Touch          Hex            12%        N/A       16%         3
 Tukima's Dance           Hex            12%        N/A       16%         3
 Dazzling Flash           Conj/Hex       14%        N/A       30%         3

Inventory:

Hand Weapons
 a - a +1 dagger (weapon)
Missiles
 e - 28 stones
Armour
 b - a +0 robe (worn)
Magical Staves
 g - a staff of death {!a}
   (You found it on level 1 of the Dungeon)
Jewellery
 j - an amulet of reflection (around neck)
   (You found it on level 2 of the Dungeon)
Scrolls
 d - a scroll of poison {unknown}
 f - a scroll of teleportation {@r4}
 h - a scroll of fear {unknown}
 i - a scroll of identify {unknown}
 k - a scroll of revelation {unknown}
Potions
 c - 2 potions of invisibility

Dungeon Overview and Level Annotations

Branches:
Dungeon (3/15) Zot: 16223

Altars:

.. #.. #.# #.#
#.# #.#
#.#########
#######......@..#
.........######S#
.######.## #S#
#.# #.# # #.# #.#
#. #.# #.# .###
#.# #.# ..# #.#
#.# #†# #.# #.#


You could see an adder.


Message History

There are monsters nearby!
You hit the jackal.
You kill the jackal!
You hit the jackal.
You kill the jackal!
A quokka is nearby!
You hit the quokka. You block the quokka's attack.
You hit the quokka. The quokka is struck by your spines. The quokka bites you.
The quokka closely misses you.
A quokka is nearby!
You barely miss the quokka. You block the quokka's attack.
You barely miss the quokka. The quokka is struck by your spines.
You kill the quokka!
You now have 129 gold pieces (gained 2).
You see here a hobgoblin corpse.
Key pressed, stopping explore.
No target in view!
No target in view! 😎 HP[+1]
Your hp is fully restored (24).
An adder comes into view.
An adder is nearby!
A ball python comes into view.
You miss the adder. The adder is struck by your spines. The adder bites you.
You are poisoned.
The adder poisons you! 😕 HP[-3]
You take 3 damage, and now have 21/24 hp.
There are monsters nearby!
You closely miss the adder.
You feel sick.
The ball python hisses angrily.
The adder bites you.
You barely miss the adder.
You feel sick. The adder is struck by your spines. The adder bites you.
You are more poisoned.
The adder poisons you! 😮 HP[-5]
You take 5 damage, and now have 16/24 hp.
MASSIVE DAMAGE!! (PAUSE)
Casting: Ensorcelled Hibernation (safe; 13% risk of failure)
Confirm with . or Enter, or press ? or * to list all spells.
Aiming: Ensorcelled Hibernation (safe; 13% risk of failure)
Press: ? - help, Shift-Dir - straight line, f - adder
Aim: an adder (lightly wounded, chance to affect: 50%)
The adder resists with some effort.
You feel sick. The adder bites you.
You are lethally poisoned!
The adder poisons you! 😮 HP[-3] MP[-2]
You take 3 damage, and now have 13/24 hp.
You lost 2 mp, and now have 4/6 mp.
Casting: Ensorcelled Hibernation (safe; 13% risk of failure)
Confirm with . or Enter, or press ? or * to list all spells.
Aiming: Ensorcelled Hibernation (safe; 13% risk of failure)
Press: ? - help, Shift-Dir - straight line, f/p - adder
Aim: an adder (lightly wounded, chance to affect: 50%)
You miscast Ensorcelled Hibernation.
You are very lightly contaminated with residual magic.
Nothing appears to happen.
* * * LOW HITPOINT WARNING * * *
You feel very sick. The adder is struck by your spines.
The adder completely misses you. The adder is struck by your spines.
The adder bites you but does no damage. 😨 HP[-4] MP[-2]
You take 4 damage, and now have 9/24 hp.
You lost 2 mp, and now have 2/6 mp.
Casting: Ensorcelled Hibernation (safe; 13% risk of failure)
Confirm with . or Enter, or press ? or * to list all spells.
Aiming: Ensorcelled Hibernation (safe; 13% risk of failure)
Press: ? - help, Shift-Dir - straight line, f/p - adder
Aim: an adder (heavily wounded, chance to affect: 50%)
The adder looks drowsy...
* * * LOW HITPOINT WARNING * * *
You feel very sick. 😱 HP[-3] MP[-2]
You take 3 damage, and now have 6/24 hp.
You lost 2 mp, and now have 0/6 mp.
Unknown command.
* * * LOW HITPOINT WARNING * * *
You feel sick. The adder is struck by your spines.
The adder barely misses you. 😱 HP[-2]
You take 2 damage, and now have 4/24 hp.
* * * LOW HITPOINT WARNING * * *
You feel sick. 😱 HP[-1]
You take 1 damage, and now have 3/24 hp.
Okay, then.
As you read the scroll labelled AHEANK OHUKK, it crumbles to dust.
You feel strangely unstable.
It was a scroll of teleportation.
* * * LOW HITPOINT WARNING * * *
You feel sick. You block the adder's attack. 😱 HP[-1]
You take 1 damage, and now have 2/24 hp.
Unknown command.
* * * LOW HITPOINT WARNING * * *
You feel sick. 😱 HP[-1]
You take 1 damage, and now have 1/24 hp.
Unknown command.
You die...

Skill      XL: |  1  2  3 |
---------------+----------+-----
Short Blades   | 1 2 |  2.1
Stealth        | 3 |  3.1
Dodging        | |  1.7
Spellcasting   | |  2.4
Hexes          | |  3.3
Ice Magic      | |  0.8

Action                     || total
---------------------------++-------
  Melee: Dagger            ||   111
         Punch             ||     1
   Cast: Ensorcelled Hiber ||     3
    Use: Scroll            ||     1
   Stab: Sleeping          ||     5
 Armour: Robe              ||    54
  Dodge: Dodged            ||    44
  Block: Other             ||     8

Levels and vault maps discovered:
D:1:      psy_arrival_basics, layout_loops_ring,
          nicolae_ecumenical_snake_handling
D:2:      cheibrodos_helix_gallery, layout_basic, serial_bayou_pond_d
D:3:      layout_loops_ring, uniq_robin, uniq_sigmund

Notes
Turn   | Place    | Note
-------+----------+-------------------------------------------
     0 | D:1      | kae the Demonspawn Enchanter began the quest for the Orb.
     0 | D:1      | Reached XP level 1. HP: 13/13 MP: 3/3
     0 | D:1      | magus.rc [v1.11.3]
    98 | D:1      | Reached skill level 1 in Short Blades
   192 | D:1      | HP: 2/13 [kobold/+0 whip (3)]
   259 | D:1      | Gained mutation: You are partially covered in sharp spines.
                  | [demonic ancestry]
   259 | D:1      | Reached XP level 2. HP: 19/19 MP: 5/5
   262 | D:1      | Learned a level 2 spell: Ensorcelled Hibernation
   287 | D:1      | Found a faded altar of an unknown god.
   995 | D:2      | Reached XP level 3. HP: 11/24 MP: 3/6
  1089 | D:2      | Reached skill level 3 in Stealth
  1447 | D:2      | Reached skill level 2 in Short Blades
  1780 | D:3      | HP: 6/24 [poisoned by an adder]
  1783 | D:3      | HP: 2/24 [poisoned by an adder]
  1785 | D:3      | Succumbed to an adder's poison

Vanquished Creatures
  2 adders (D:2)
  2 worms (D:2)
  5 bats
  An endoplasm (D:2)
  3 giant cockroaches
  A goblin (D:1)
  4 hobgoblins
  2 jackals (D:3)
  5 kobolds
  2 quokkas
  3 ball pythons
  2 frilled lizards
  5 rats
37 creatures vanquished.

Table legend:
 A = Non-vault XP
 B = Vault XP
 C = Vault XP percentage of total XP
 D = Non-vault monster count
 E = Vault monster count
 F = Vault count percentage of total count
                 A         B        C        D         E       F
            +---------+---------+-------+---------+---------+-------
      Total |      86 |       4 |   4.4 |      34 |       3 |   8.1
            +---------+---------+-------+---------+---------+-------
        D:1 |      21 |       2 |   8.7 |      13 |       1 |   7.1
        D:2 |      53 |       2 |   3.6 |      14 |       2 |  12.5
        D:3 |      12 |       0 |   0.0 |       7 |       0 |   0.0
            +---------+---------+-------+---------+---------+-------

Skill      XL: |  1  2  3 |
---------------+----------+-----
Short Blades   | 1 2 |  2.1
Stealth        | 3 |  3.1
Dodging        | |  1.7
Spellcasting   | |  2.4
Hexes          | |  3.3
Ice Magic      | |  0.8

Action                     || total
---------------------------++-------
  Melee: Dagger            ||   111
         Punch             ||     1
   Cast: Ensorcelled Hiber ||     3
    Use: Scroll            ||     1
   Stab: Sleeping          ||     5
 Armour: Robe              ||    54
  Dodge: Dodged            ||    44
  Block: Other             ||     8

Illustrated notes

Table legend:
 A = Kills in this place as a percentage of kills in the entire game.
 B = Kills by you in this place as a percentage of kills by you in the entire game.
 C = Kills by friends in this place as a percentage of kills by friends in the entire game.
 D = Other kills in this place as a percentage of other kills in the entire game.
 E = Experience gained in this place as a percentage of experience gained in the entire game.
 F = Experience gained in this place divided by the number of levels of this place that you have seen.
                   A       B       C       D       E      F
               +-------+-------+-------+-------+-------+----------------------
         Total | 100.0 | 100.0 |   N/A |   N/A | 100.0 |  30.0
       Dungeon | 100.0 | 100.0 |   N/A |   N/A | 100.0 |  30.0
               +-------+-------+-------+-------+-------+----------------------

Table legend: (Time is in decaauts)
 A = Elapsed time spent in this place.
 B = Non-inter-level travel time spent in this place.
 C = Inter-level travel time spent in this place.
 D = Time resting spent in this place.
 E = Time spent auto-exploring this place.
 F = Levels seen in this place.
 G = Mean time per level.
                   A        B        C        D        E       F      G
               +--------+--------+--------+--------+--------+-----+--------+
         Total |   1776 |   1697 |     79 |     52 |   1372 |   3 |  592.0 |
       Dungeon |   1776 |   1697 |     79 |     52 |   1372 |   3 |  592.0 |
               +--------+--------+--------+--------+--------+-----+--------+

Top non-repeatable levels by time:
     D:2: 845 daAuts
     D:1: 807 daAuts
     D:3: 123 daAuts
